Remparts vs Atomiques
Created - January 23, 2018 at 19:02
Goals
|
| Remparts |
0 |
1 |
3 |
0 |
4 |
| Atomiques |
1 |
2 |
1 |
1 |
5 |
|
Shots
|
| Remparts |
6 |
6 |
18 |
0 |
30 |
| Atomiques |
8 |
9 |
17 |
1 |
35 |
|
1st period
1. Atomiques , Dwight King 19 (Davis Drewiske 21) at 7:02 (SH)
Penalties :
Cédric Lalonde-McNicoll (Que) for Roughing (Minor) at 3:01, Ryan Shannon (STB) for Hooking (Minor) at 6:49, William Colbert (Que) for Holding (Minor) at 12:24, Sergei Bobrovsky (STB) for Slashing (Minor) at 17:14 - Bobby Farnham served the penalty
2nd period
2. Atomiques , Dwight King 20 (Ryan Shannon 26, Steve McCarthy 19) at 0:20 (PP)
3. Remparts , Ryan Strome 9 (Daniel Paille 16, Tyler Plante) at 9:56 (PP)
4. Atomiques , Kenndal McArdle 26 (Marc-André Cliche 20) at 16:44 (SH)
Penalties :
Pasi Salonen (Que) for Slashing (Double Minor) at 0:05, Jonas Junland (STB) for Holding (Minor) at 6:17, John Draeger (STB) for Diving (Minor) at 9:10, John Draeger (STB) for Tripping (Minor) at 15:51
3rd period
5. Remparts , Pasi Salonen 13 (Guillaume Desbiens 32) at 1:07
6. Atomiques , Kenndal McArdle 27 (Brett Sutter 16, Corey Tropp 15) at 2:11
7. Remparts , Johannes Salmonsson 9 (Brandon Mashinter 1) at 3:07
8. Remparts , Cédric Lalonde-McNicoll 8 (Guillaume Desbiens 33, Mike Weber 15) at 4:21
Penalties :
Ryan Shannon (STB) for Hooking (Minor) at 5:48, Marc-André Cliche (STB) for Holding (Minor) at 9:34, Cody Ceci (Que) for Tripping (Minor) at 14:31, Eric Mestery (STB) for Interference (Minor) at 17:13
Overtime #1
9. Atomiques , Ryan Shannon 15 (Davis Drewiske 22, Dwight King 18) at 0:39
Penalties :
No Penalty
Goalie Stats
Tyler Plante (Que), 30 saves from 35 shots - (0.857), OTL, 10-11-2, 60:39 minutes
Sergei Bobrovsky (STB), 26 saves from 30 shots - (0.867), W, 19-8-2, 60:39 minutes
Players Stats for Remparts
Player Name G A P +/- PIM S H SB GA TA FO MP PP MP PK MP
------------------------------------------------------------------------------------
Brandon Mashinter 0 1 1 1 0 0 1 0 0 0 4/6 9:16 0:00 0:21
Cédric Lalonde-McNicoll 1 0 1 -2 2 1 0 0 1 0 15/37 21:47 8:29 0:00
Chris Mueller 0 0 0 0 0 3 0 0 0 0 2/4 8:43 0:00 2:29
Cody Ceci 0 0 0 -1 2 0 2 2 0 1 0/0 21:44 0:00 3:29
Dale Weise 0 0 0 0 0 0 0 0 0 0 1/1 5:46 0:00 0:00
Daniel Paille 0 1 1 0 0 1 1 0 0 0 0/0 17:01 6:10 1:28
Griffin Reinhart 0 0 0 1 0 1 0 0 0 0 0/0 20:25 5:56 1:48
Guillaume Desbiens 0 2 2 -1 0 6 2 1 0 2 0/1 22:35 8:29 1:26
Johannes Salmonsson 1 0 1 1 0 3 3 3 0 0 0/0 13:24 0:00 4:27
Justin Williams 0 0 0 1 0 0 1 0 0 0 0/0 8:39 0:00 0:00
Kris Russell 0 0 0 -2 0 3 2 2 0 1 0/0 30:10 8:43 3:36
Max Reinhart 0 0 0 0 0 1 2 0 0 0 6/16 19:59 6:10 4:28
Michal Jordan 0 0 0 0 0 1 0 1 0 0 0/0 8:41 0:00 0:38
Mike Weber 0 1 1 1 0 1 3 0 1 0 0/0 23:38 8:43 4:35
Pasi Salonen 1 0 1 -2 4 3 2 1 1 0 0/2 23:44 8:29 1:43
Patrick Maroon 0 0 0 0 0 2 0 0 0 0 0/0 5:46 0:00 0:00
Ryan Strome 1 0 1 0 0 3 0 0 0 1 0/0 15:41 6:10 0:00
William Colbert 0 0 0 -1 2 1 2 0 0 0 0/0 17:22 5:56 2:16
Players Stats for Atomiques
Player Name G A P +/- PIM S H SB GA TA FO MP PP MP PK MP
------------------------------------------------------------------------------------
Andrew Kozek 0 0 0 0 0 6 1 1 0 0 0/0 14:06 0:00 2:29
Bobby Farnham 0 0 0 0 0 1 1 1 0 0 1/1 11:14 0:00 0:00
Brett Sutter 0 1 1 -1 0 1 5 0 0 0 3/6 15:03 3:33 0:55
Brock McGinn 0 0 0 0 0 0 1 0 0 0 0/0 3:03 0:00 0:00
Colby Cohen 0 0 0 0 0 0 0 1 0 0 0/0 8:07 0:00 0:00
Corey Tropp 0 1 1 -1 0 6 1 0 0 0 0/0 14:08 3:33 0:00
Darren Kramer 0 0 0 0 0 2 1 0 0 0 5/10 11:14 0:00 0:00
Davis Drewiske 0 2 2 2 0 1 1 1 1 0 0/0 29:15 5:24 9:38
Dwight King 2 1 3 1 0 5 2 2 0 0 10/16 25:55 4:21 8:29
Eric Gustafsson 0 0 0 0 0 0 0 0 0 0 0/0 4:51 0:00 0:00
Eric Mestery 0 0 0 0 2 1 0 0 0 0 0/0 4:55 0:00 0:00
Fredrik Claesson 0 0 0 0 0 0 0 0 0 1 0/0 6:46 0:00 6:46
John Draeger 0 0 0 0 4 1 0 1 0 0 0/0 10:03 0:41 0:14
Jonas Junland 0 0 0 -1 2 1 0 1 0 0 0/0 17:35 2:47 4:11
Joseph Cramarossa 0 0 0 0 0 0 0 0 0 0 0/0 2:45 0:17 0:00
Kenndal McArdle 2 0 2 0 0 2 0 0 1 1 1/1 18:34 3:33 4:05
Kyle Wharton 0 0 0 -1 0 0 0 0 0 0 0/0 18:26 2:47 5:01
Marc-André Cliche 0 1 1 0 2 1 1 0 0 0 17/28 19:23 4:34 3:17
Max McCormick 0 0 0 1 0 0 0 0 0 0 0/0 4:18 0:04 3:34
Mike Halmo 0 0 0 0 0 0 0 0 0 0 0/0 0:56 0:04 0:11
Mitch Callahan 0 0 0 0 0 0 0 0 0 0 0/0 3:14 0:00 0:00
Ryan Shannon 1 1 2 0 4 7 1 0 2 0 2/5 22:36 4:34 6:18
Shayne Gostisbehere 0 0 0 1 0 0 0 0 0 1 0/0 10:19 0:38 0:58
Steve McCarthy 0 1 1 1 0 0 0 1 1 0 0/0 11:04 4:05 2:30
3 Stars
1 - Dwight King (STB)
2 - Kenndal McArdle (STB)
3 - Davis Drewiske (STB)
Power Play
Remparts - 1 on 8 Attempt(s) - 12.50%
Atomiques - 1 on 5 Attempt(s) - 20.00%
Penalty Kill
Remparts - 4 on 5 Attempt(s) - 80.00%
- Score 0 goal in Penalty Kill
Atomiques - 7 on 8 Attempt(s) - 87.50%
- Score 2 goal in Penalty Kill
Team Stat
Remparts - Hits : 21 - Faceoff Wins : 28 - Blocked Shots : 10 - Penalty Minutes : 10
Atomiques - Hits : 15 - Faceoff Wins : 39 - Blocked Shots : 9 - Penalty Minutes : 16
Official
Referees : Peel Tim and Meier Brad
Linesman : Steve Barton and Greg Devorski
Game Notes
0:20 of 2nd period - Atomiques goal is going for a video replay. After video review, Goal.
Steve McCarthy is injured at 4:37 of 2nd period (Strained Left Elbow)
Finance
Level 1 -- Attendance: 1571 (78.55%) -- Ticket Income $62,840
Level 2 -- Attendance: 693 (69.30%) -- Ticket Income $13,860
Total Attendance: 2264 (75.47%)
Total Ticket Income: $76,700
Other Income: $3,835
Total Income: $80,535
Remparts
5 vs 5 Forward
Center Left Wing Right Wing Time % Phy DF OF
1 Cédric Lalonde-McNicoll Pasi Salonen Guillaume Desbiens 40 0 2 3
2 Max Reinhart Daniel Paille Ryan Strome 30 0 2 3
3 Brandon Mashinter Johannes Salmonsson Justin Williams 20 0 2 3
4 Chris Mueller Patrick Maroon Dale Weise 10 0 2 3
5 vs 5 Defense
Defense Defense Time % Phy DF OF
1 Kris Russell Cody Ceci 40 1 2 2
2 Mike Weber Griffin Reinhart 30 1 2 2
3 William Colbert Michal Jordan 20 1 2 2
4 Kris Russell Cody Ceci 10 1 2 2
PowerPlay Forward
Center Left Wing Right Wing Time % Phy DF OF
1 Cédric Lalonde-McNicoll Pasi Salonen Guillaume Desbiens 60 1 0 4
2 Max Reinhart Daniel Paille Ryan Strome 40 1 0 4
PowerPlay Defense
Defense Defense Time % Phy DF OF
1 Kris Russell Mike Weber 60 0 2 3
2 William Colbert Griffin Reinhart 40 0 2 3
Penalty Kill 4 Players Forward
Center Wing Time % Phy DF OF
1 Max Reinhart Johannes Salmonsson 60 0 4 1
2 Chris Mueller Pasi Salonen 40 0 4 1
Penalty Kill 4 Players Defense
Defense Defense Time % Phy DF OF
1 Cody Ceci Mike Weber 60 1 4 0
2 William Colbert Kris Russell 40 1 4 0
Penalty Kill - 3 Players Forward
Forward Time % Phy DF OF
1 Max Reinhart 60 0 4 1
2 Chris Mueller 40 0 4 1
Penalty Kill - 3 Players Defense
Defense Defense Time % Phy DF OF
1 Cody Ceci Mike Weber 60 1 4 0
2 William Colbert Kris Russell 40 1 4 0
4 vs 4 Forward
Center Wing Time % Phy DF OF
1 Cédric Lalonde-McNicoll Pasi Salonen 60 0 2 3
2 Max Reinhart Guillaume Desbiens 40 0 2 3
4 vs 4 Defense
Defense Defense Time % Phy DF OF
1 Kris Russell Cody Ceci 60 1 2 2
2 Mike Weber Griffin Reinhart 40 1 2 2
Last Minutes Offensive
Center Left Wing Right Wing Defense Defense
Cédric Lalonde-McNicoll Pasi Salonen Guillaume Desbiens Kris Russell Mike Weber
Last Minutes Defensive
Center Left Wing Right Wing Defense Defense
Max Reinhart Johannes Salmonsson Guillaume Desbiens Cody Ceci Mike Weber
Goaltenders
Starting : Tyler Plante
Backup : Igor Bobkov
Extra Forwards
Normal : Ryan Strome, Pasi Salonen, Max Reinhart - PP : Ryan Strome, Pasi Salonen - PK : Guillaume Desbiens
Extra Defensemen
Normal : Griffin Reinhart, Cody Ceci, Mike Weber - PP : Cody Ceci - PK : Griffin Reinhart, Cody Ceci
Penalty Shots
Pasi Salonen, Daniel Paille, Justin Williams, Ryan Strome, Brandon Mashinter
Scratches
Dainius Zubrus (Healthy), Michael Paliotta (Healthy), Anton Zlobin (Healthy), Mitchell Heard (Healthy), Erik Gustafsson (Healthy)
Tim Bozon (Healthy), François Brassard (Healthy)
Atomiques
5 vs 5 Forward
Center Left Wing Right Wing Time % Phy DF OF
1 Marc-André Cliche Dwight King Ryan Shannon 40 1 2 2
2 Brett Sutter Kenndal McArdle Corey Tropp 30 1 2 2
3 Darren Kramer Andrew Kozek Bobby Farnham 20 1 2 2
4 Dwight King Brock McGinn Mitch Callahan 10 1 2 2
5 vs 5 Defense
Defense Defense Time % Phy DF OF
1 Steve McCarthy Davis Drewiske 40 1 2 2
2 Kyle Wharton Jonas Junland 30 1 2 2
3 Shayne Gostisbehere Colby Cohen 20 1 2 2
4 Eric Mestery Eric Gustafsson 10 1 2 2
PowerPlay Forward
Center Left Wing Right Wing Time % Phy DF OF
1 Marc-André Cliche Dwight King Ryan Shannon 60 1 2 2
2 Brett Sutter Kenndal McArdle Corey Tropp 40 1 2 2
PowerPlay Defense
Defense Defense Time % Phy DF OF
1 Steve McCarthy Davis Drewiske 60 1 2 2
2 Kyle Wharton Jonas Junland 40 1 2 2
Penalty Kill 4 Players Forward
Center Wing Time % Phy DF OF
1 Dwight King Ryan Shannon 60 1 2 2
2 Kenndal McArdle Marc-André Cliche 40 1 2 2
Penalty Kill 4 Players Defense
Defense Defense Time % Phy DF OF
1 Steve McCarthy Davis Drewiske 60 1 2 2
2 Kyle Wharton Jonas Junland 40 1 2 2
Penalty Kill - 3 Players Forward
Forward Time % Phy DF OF
1 Dwight King 60 1 2 2
2 Ryan Shannon 40 1 2 2
Penalty Kill - 3 Players Defense
Defense Defense Time % Phy DF OF
1 Steve McCarthy Davis Drewiske 60 1 2 2
2 Kyle Wharton Jonas Junland 40 1 2 2
4 vs 4 Forward
Center Wing Time % Phy DF OF
1 Dwight King Ryan Shannon 60 1 2 2
2 Kenndal McArdle Marc-André Cliche 40 1 2 2
4 vs 4 Defense
Defense Defense Time % Phy DF OF
1 Steve McCarthy Davis Drewiske 60 1 2 2
2 Kyle Wharton Jonas Junland 40 1 2 2
Last Minutes Offensive
Center Left Wing Right Wing Defense Defense
Marc-André Cliche Dwight King Ryan Shannon Steve McCarthy Davis Drewiske
Last Minutes Defensive
Center Left Wing Right Wing Defense Defense
Marc-André Cliche Dwight King Ryan Shannon Steve McCarthy Davis Drewiske
Goaltenders
Starting : Sergei Bobrovsky
Backup : Jeremy Smith
Extra Forwards
Normal : Joseph Cramarossa, Mike Halmo, Max McCormick - PP : Joseph Cramarossa, Mike Halmo - PK : Max McCormick
Extra Defensemen
Normal : John Draeger, Fredrik Claesson, Shayne Gostisbehere - PP : John Draeger - PK : Fredrik Claesson, Shayne Gostisbehere
Penalty Shots
Dwight King, Ryan Shannon, Kenndal McArdle, Marc-André Cliche, Andrew Kozek
Scratches
Tyler Brenner (Suspend), Andreas Engqvist (Right Eye Injury), Anthony Nigro (Back Spasms Injury), Francois Tremblay (Healthy)
% Time on Ice - Remparts
Lines # - Real PCT - Wanted PCT - Time Play
Normal Forward
1 - 36% - 40% - 13:16
2 - 26% - 30% - 9:43
3 - 23% - 20% - 8:25
4 - 16% - 10% - 5:46
Normal Defense
1 - 46% - 40% - 17:02
2 - 31% - 30% - 11:22
3 - 21% - 20% - 7:47
4 - 3% - 10% - 0:59
PP Forward
1 - 58% - 60% - 8:29
2 - 42% - 40% - 6:10
PP Defense
1 - 59% - 60% - 8:43
2 - 41% - 40% - 5:56
PK Forward
1 - 70% - 60% - 5:42
2 - 30% - 40% - 2:29
PK Defense
1 - 57% - 60% - 4:39
2 - 43% - 40% - 3:32
PK3 Forward
1 - 0% - 60%
2 - 0% - 40%
PK3 Defense
1 - 0% - 60%
2 - 0% - 40%
44 Forward
1 - 100% - 60% - 0:39
2 - 0% - 40% - 0:00
44 Defense
1 - 100% - 60% - 0:39
2 - 0% - 40% - 0:00
Last Minute Offensive - 0:00
Last Minute Defensive - 0:00
Total
Forward - 60:39
Defense - 60:39
|
% Time on Ice - Atomiques
Lines # - Real PCT - Wanted PCT - Time Play
Normal Forward
1 - 31% - 40% - 11:38
2 - 30% - 30% - 11:15
3 - 30% - 20% - 11:14
4 - 8% - 10% - 3:03
Normal Defense
1 - 37% - 40% - 13:34
2 - 29% - 30% - 10:38
3 - 22% - 20% - 8:07
4 - 13% - 10% - 4:51
PP Forward
1 - 57% - 60% - 4:38
2 - 43% - 40% - 3:33
PP Defense
1 - 66% - 60% - 5:24
2 - 34% - 40% - 2:47
PK Forward
1 - 72% - 60% - 10:34
2 - 28% - 40% - 4:05
PK Defense
1 - 67% - 60% - 9:49
2 - 33% - 40% - 4:50
PK3 Forward
1 - 0% - 60%
2 - 0% - 40%
PK3 Defense
1 - 0% - 60%
2 - 0% - 40%
44 Forward
1 - 100% - 60% - 0:39
2 - 0% - 40% - 0:00
44 Defense
1 - 100% - 60% - 0:39
2 - 0% - 40% - 0:00
Last Minute Offensive - 0:00
Last Minute Defensive - 0:00
Total
Forward - 60:39
Defense - 60:39
|
Play by Play
1st period
0:01 of 1st period - Cédric Lalonde-McNicoll wins face-off versus Marc-André Cliche in neutral zone.
0:16 of 1st period - Slapshot by Guillaume Desbiens.
0:16 of 1st period - Stopped by Sergei Bobrovsky with a rebound.
1:58 of 1st period - Slapshot by Guillaume Desbiens.
1:58 of 1st period - Stopped by Sergei Bobrovsky with a rebound.
2:00 of 1st period - Slapshot by Michal Jordan.
2:00 of 1st period - Stopped by Sergei Bobrovsky without a rebound.
2:01 of 1st period - Cédric Lalonde-McNicoll wins face-off versus Darren Kramer in Atomiques zone.
2:08 of 1st period - Slapshot by Guillaume Desbiens.
2:08 of 1st period - Shot Blocked by Andrew Kozek.
2:13 of 1st period - Icing by Andrew Kozek.
2:14 of 1st period - Brandon Mashinter wins face-off versus Darren Kramer in Atomiques zone.
2:15 of 1st period - Wrist shot by Justin Williams.
2:15 of 1st period - Shot Misses the Net.
2:18 of 1st period - Icing by Eric Gustafsson.
2:19 of 1st period - Bobby Farnham wins face-off versus Brandon Mashinter in Atomiques zone.
2:19 of 1st period - Bobby Farnham is hit by Justin Williams.
2:25 of 1st period - Snap shot by Andrew Kozek.
2:25 of 1st period - Stopped by Tyler Plante with a rebound.
2:27 of 1st period - Snap shot by Eric Mestery.
2:27 of 1st period - Stopped by Tyler Plante with a rebound.
2:29 of 1st period - Wrist shot by Andrew Kozek.
2:29 of 1st period - Shot Blocked by Kris Russell.
2:33 of 1st period - Wrist shot by Bobby Farnham.
2:33 of 1st period - Shot Misses the Net.
2:37 of 1st period - Slapshot by Andrew Kozek.
2:37 of 1st period - Deflect By Bobby Farnham.
2:37 of 1st period - Stopped by Tyler Plante with a rebound.
2:39 of 1st period - Snap shot by Darren Kramer.
2:39 of 1st period - Stopped by Tyler Plante without a rebound.
2:40 of 1st period - Marc-André Cliche wins face-off versus Cédric Lalonde-McNicoll in Remparts zone.
2:41 of 1st period - Snap shot by Ryan Shannon.
2:41 of 1st period - Shot Misses the Net.
3:01 of 1st period - Minor Penalty to Cédric Lalonde-McNicoll for Roughing.
3:02 of 1st period - Max Reinhart wins face-off versus Marc-André Cliche in Remparts zone.
3:17 of 1st period - Snap shot by Ryan Shannon.
3:17 of 1st period - Stopped by Tyler Plante without a rebound.
3:18 of 1st period - Max Reinhart wins face-off versus Brett Sutter in Remparts zone.
3:18 of 1st period - Max Reinhart is hit by Corey Tropp.
3:44 of 1st period - Davis Drewiske is hit by Mike Weber and loses puck.
5:01 of 1st period - Penalty to Cédric Lalonde-McNicoll is over, Cédric Lalonde-McNicoll is back on ice.
6:01 of 1st period - Icing by Eric Gustafsson.
6:02 of 1st period - Darren Kramer wins face-off versus Chris Mueller in Atomiques zone.
6:02 of 1st period - Darren Kramer is hit by Kris Russell.
6:08 of 1st period - Snap shot by Bobby Farnham.
6:08 of 1st period - Shot Misses the Net.
6:44 of 1st period - Guillaume Desbiens is hit by Davis Drewiske.
6:49 of 1st period - Minor Penalty to Ryan Shannon for Hooking.
6:50 of 1st period - Dwight King wins face-off versus Cédric Lalonde-McNicoll in Atomiques zone.
7:02 of 1st period - Wrist shot by Dwight King.
7:02 of 1st period - Goal by Dwight King - Remparts : 0 - Atomiques : 1.
7:03 of 1st period - Dwight King wins face-off versus Cédric Lalonde-McNicoll in neutral zone.
7:18 of 1st period - Wrist shot by Pasi Salonen.
7:18 of 1st period - Shot Blocked by Dwight King.
8:49 of 1st period - Penalty to Ryan Shannon is over, Ryan Shannon is back on ice.
9:06 of 1st period - Kenndal McArdle is hit by Brandon Mashinter and loses puck.
9:26 of 1st period - Off-side.
9:27 of 1st period - Chris Mueller wins face-off versus Marc-André Cliche in neutral zone.
9:59 of 1st period - Wrist shot by Guillaume Desbiens.
9:59 of 1st period - Stopped by Sergei Bobrovsky with a rebound.
10:26 of 1st period - Corey Tropp is hit by Johannes Salmonsson and loses puck.
10:52 of 1st period - Off-side.
10:53 of 1st period - Marc-André Cliche wins face-off versus Max Reinhart in neutral zone.
11:06 of 1st period - Wrist shot by Ryan Strome.
11:06 of 1st period - Stopped by Sergei Bobrovsky without a rebound.
11:07 of 1st period - Marc-André Cliche wins face-off versus Cédric Lalonde-McNicoll in Atomiques zone.
11:58 of 1st period - Kris Russell is hit by Brett Sutter and loses puck.
12:24 of 1st period - Minor Penalty to William Colbert for Holding.
12:25 of 1st period - Max Reinhart wins face-off versus Marc-André Cliche in Remparts zone.
13:00 of 1st period - Snap shot by Brett Sutter.
13:00 of 1st period - Deflect By Corey Tropp.
13:00 of 1st period - Stopped by Tyler Plante with a rebound.
14:24 of 1st period - Penalty to William Colbert is over, William Colbert is back on ice.
14:33 of 1st period - Pasi Salonen is hit by Bobby Farnham and loses puck.
14:38 of 1st period - Slapshot by Shayne Gostisbehere.
14:38 of 1st period - Shot Blocked by Pasi Salonen.
14:55 of 1st period - Snap shot by Kris Russell.
14:55 of 1st period - Shot Misses the Net.
15:01 of 1st period - Slapshot by Justin Williams.
15:01 of 1st period - Shot Blocked by Colby Cohen.
15:41 of 1st period - Snap shot by Justin Williams.
15:41 of 1st period - Shot Hit the Post.
15:53 of 1st period - William Colbert is hit by Darren Kramer.
16:29 of 1st period - Off-side.
16:30 of 1st period - Marc-André Cliche wins face-off versus Max Reinhart in neutral zone.
16:41 of 1st period - Slapshot by Daniel Paille.
16:41 of 1st period - Shot Blocked by Steve McCarthy.
17:00 of 1st period - Snap shot by Brett Sutter.
17:00 of 1st period - Shot Misses the Net.
17:14 of 1st period - Wrist shot by Patrick Maroon.
17:14 of 1st period - Stopped by Sergei Bobrovsky without a rebound.
17:14 of 1st period - Minor Penalty to Sergei Bobrovsky for Slashing.
17:15 of 1st period - Cédric Lalonde-McNicoll wins face-off versus Dwight King in Atomiques zone.
19:14 of 1st period - Penalty to Bobby Farnham is over, Bobby Farnham is back on ice.
19:20 of 1st period - Steve McCarthy is hit by William Colbert and loses puck.
19:25 of 1st period - Wrist shot by Justin Williams.
19:25 of 1st period - Shot Misses the Net.
19:27 of 1st period - Snap shot by William Colbert.
19:27 of 1st period - Shot Misses the Net.
19:34 of 1st period - Icing by Andrew Kozek.
19:35 of 1st period - Dale Weise wins face-off versus Darren Kramer in Atomiques zone.
19:36 of 1st period - Wrist shot by Patrick Maroon.
19:36 of 1st period - Shot Blocked by Bobby Farnham.
19:48 of 1st period - Snap shot by Andrew Kozek.
19:48 of 1st period - Stopped by Tyler Plante with a rebound.
19:50 of 1st period - Slapshot by Steve McCarthy.
19:50 of 1st period - Shot Misses the Net.
Goals for this period are 0 for Remparts vs 1 for Atomiques.
Shots for this period are 6 for Remparts vs 8 for Atomiques.
2nd period
0:01 of 2nd period - Marc-André Cliche wins face-off versus Guillaume Desbiens in neutral zone.
0:05 of 2nd period - Double Minor Penalty to Pasi Salonen for Slashing.
0:06 of 2nd period - Max Reinhart wins face-off versus Marc-André Cliche in Remparts zone.
0:14 of 2nd period - Slapshot by Davis Drewiske.
0:14 of 2nd period - Shot Misses the Net.
0:16 of 2nd period - Slapshot by Steve McCarthy.
0:16 of 2nd period - Shot Misses the Net.
0:20 of 2nd period - Snap shot by Dwight King.
0:20 of 2nd period - Atomiques goal is going for a video replay.
0:20 of 2nd period - The goal is good.
0:20 of 2nd period - Goal by Dwight King - Remparts : 0 - Atomiques : 2.
0:21 of 2nd period - Marc-André Cliche wins face-off versus Max Reinhart in neutral zone.
0:24 of 2nd period - Cody Ceci is hit by Ryan Shannon.
0:36 of 2nd period - Wrist shot by Dwight King.
0:36 of 2nd period - Shot Misses the Net.
1:39 of 2nd period - Corey Tropp is hit by Cody Ceci and loses puck.
2:20 of 2nd period - Penalty to Pasi Salonen is over, Pasi Salonen is back on ice.
3:44 of 2nd period - Eric Gustafsson is hit by Cody Ceci and loses puck.
4:36 of 2nd period - Steve McCarthy is hit by Mike Weber and loses puck.
4:37 of 2nd period - Steve McCarthy from Atomiques is injured at 4:37 of 2nd period (Strained Left Elbow).
4:38 of 2nd period - Marc-André Cliche wins face-off versus Cédric Lalonde-McNicoll in Atomiques zone.
5:12 of 2nd period - Snap shot by Corey Tropp.
5:12 of 2nd period - Stopped by Tyler Plante without a rebound.
5:13 of 2nd period - Marc-André Cliche wins face-off versus Max Reinhart in Remparts zone.
5:46 of 2nd period - Wrist shot by Andrew Kozek.
5:46 of 2nd period - Shot Misses the Net.
6:08 of 2nd period - Brandon Mashinter is hit by Brett Sutter.
6:17 of 2nd period - Minor Penalty to Jonas Junland for Holding.
6:18 of 2nd period - Dwight King wins face-off versus Cédric Lalonde-McNicoll in Atomiques zone.
6:38 of 2nd period - Fredrik Claesson is hit by Guillaume Desbiens and loses puck.
7:36 of 2nd period - Snap shot by Ryan Shannon.
7:36 of 2nd period - Shot Misses the Net.
8:17 of 2nd period - Penalty to Jonas Junland is over, Jonas Junland is back on ice.
8:35 of 2nd period - Icing by Justin Williams.
8:36 of 2nd period - Darren Kramer wins face-off versus Chris Mueller in Remparts zone.
8:48 of 2nd period - Snap shot by Andrew Kozek.
8:48 of 2nd period - Stopped by Tyler Plante without a rebound.
8:49 of 2nd period - Brandon Mashinter wins face-off versus Dwight King in Remparts zone.
8:54 of 2nd period - Slapshot by Justin Williams.
8:54 of 2nd period - Shot Blocked by Davis Drewiske.
8:56 of 2nd period - Slapshot by Kris Russell.
8:56 of 2nd period - Stopped by Sergei Bobrovsky with a rebound.
9:10 of 2nd period - Minor Penalty to John Draeger for Diving.
9:11 of 2nd period - Cédric Lalonde-McNicoll wins face-off versus Ryan Shannon in Atomiques zone.
9:12 of 2nd period - Snap shot by Pasi Salonen.
9:12 of 2nd period - Stopped by Sergei Bobrovsky without a rebound.
9:13 of 2nd period - Dwight King wins face-off versus Cédric Lalonde-McNicoll in Atomiques zone.
9:26 of 2nd period - Wrist shot by Kris Russell.
9:26 of 2nd period - Deflect By Pasi Salonen.
9:26 of 2nd period - Shot Misses the Net.
9:26 of 2nd period - Puck is out of play.
9:27 of 2nd period - Cédric Lalonde-McNicoll wins face-off versus Dwight King in Atomiques zone.
9:56 of 2nd period - Snap shot by Ryan Strome.
9:56 of 2nd period - Goal by Ryan Strome - Remparts : 1 - Atomiques : 2.
9:57 of 2nd period - Ryan Shannon wins face-off versus Pasi Salonen in neutral zone.
10:22 of 2nd period - Davis Drewiske is hit by Daniel Paille.
10:47 of 2nd period - Slapshot by Bobby Farnham.
10:47 of 2nd period - Shot Blocked by Michal Jordan.
10:49 of 2nd period - Slapshot by Bobby Farnham.
10:49 of 2nd period - Shot Blocked by Johannes Salmonsson.
10:51 of 2nd period - Snap shot by Bobby Farnham.
10:51 of 2nd period - Shot Blocked by Johannes Salmonsson.
13:06 of 2nd period - Icing by Bobby Farnham.
13:07 of 2nd period - Brett Sutter wins face-off versus Max Reinhart in Atomiques zone.
13:38 of 2nd period - Corey Tropp is hit by Max Reinhart and loses puck.
13:47 of 2nd period - Cody Ceci is hit by Brett Sutter and loses puck.
13:56 of 2nd period - Wrist shot by Daniel Paille.
13:56 of 2nd period - Deflect By Max Reinhart.
13:56 of 2nd period - Stopped by Sergei Bobrovsky without a rebound.
13:57 of 2nd period - Marc-André Cliche wins face-off versus Cédric Lalonde-McNicoll in Atomiques zone.
13:57 of 2nd period - Marc-André Cliche is hit by Pasi Salonen.
14:03 of 2nd period - Cédric Lalonde-McNicoll is hit by Dwight King.
14:28 of 2nd period - Snap shot by Justin Williams.
14:28 of 2nd period - Shot Misses the Net.
14:30 of 2nd period - Snap shot by Brandon Mashinter.
14:30 of 2nd period - Shot Misses the Net.
14:32 of 2nd period - Slapshot by William Colbert.
14:32 of 2nd period - Stopped by Sergei Bobrovsky without a rebound.
14:33 of 2nd period - Darren Kramer wins face-off versus Cédric Lalonde-McNicoll in Atomiques zone.
15:05 of 2nd period - Wrist shot by Corey Tropp.
15:05 of 2nd period - Stopped by Tyler Plante with a rebound.
15:07 of 2nd period - Wrist shot by Corey Tropp.
15:07 of 2nd period - Stopped by Tyler Plante with a rebound.
15:45 of 2nd period - Slapshot by Patrick Maroon.
15:45 of 2nd period - Shot Misses the Net.
15:47 of 2nd period - Wrist shot by Patrick Maroon.
15:47 of 2nd period - Stopped by Sergei Bobrovsky without a rebound.
15:48 of 2nd period - Cédric Lalonde-McNicoll wins face-off versus Brett Sutter in Atomiques zone.
15:49 of 2nd period - Slapshot by Guillaume Desbiens.
15:49 of 2nd period - Shot Misses the Net.
15:51 of 2nd period - Minor Penalty to John Draeger for Tripping.
15:52 of 2nd period - Cédric Lalonde-McNicoll wins face-off versus Ryan Shannon in Atomiques zone.
16:44 of 2nd period - Snap shot by Kenndal McArdle.
16:44 of 2nd period - Goal by Kenndal McArdle - Remparts : 1 - Atomiques : 3.
16:45 of 2nd period - Dwight King wins face-off versus Pasi Salonen in neutral zone.
16:58 of 2nd period - Wrist shot by Ryan Shannon.
16:58 of 2nd period - Stopped by Tyler Plante with a rebound.
17:12 of 2nd period - Marc-André Cliche is hit by Max Reinhart and loses puck.
17:37 of 2nd period - Ryan Shannon is hit by Guillaume Desbiens and loses puck.
17:51 of 2nd period - Penalty to John Draeger is over, John Draeger is back on ice.
17:58 of 2nd period - Mike Weber is hit by Andrew Kozek and loses puck.
18:25 of 2nd period - Kris Russell is hit by Brett Sutter and loses puck.
18:44 of 2nd period - Ryan Strome is hit by Brock McGinn and loses puck.
19:01 of 2nd period - Snap shot by Andrew Kozek.
19:01 of 2nd period - Stopped by Tyler Plante without a rebound.
19:02 of 2nd period - Darren Kramer wins face-off versus Cédric Lalonde-McNicoll in Remparts zone.
19:51 of 2nd period - Wrist shot by Dwight King.
19:51 of 2nd period - Stopped by Tyler Plante without a rebound.
19:52 of 2nd period - Ryan Shannon wins face-off versus Max Reinhart in Remparts zone.
Goals for this period are 1 for Remparts vs 2 for Atomiques.
Shots for this period are 6 for Remparts vs 9 for Atomiques.
3rd period
0:01 of 3rd period - Marc-André Cliche wins face-off versus Cédric Lalonde-McNicoll in neutral zone.
0:13 of 3rd period - Snap shot by Ryan Shannon.
0:13 of 3rd period - Stopped by Tyler Plante with a rebound.
0:15 of 3rd period - Snap shot by Marc-André Cliche.
0:15 of 3rd period - Stopped by Tyler Plante with a rebound.
0:25 of 3rd period - Davis Drewiske is hit by Kris Russell and loses puck.
0:32 of 3rd period - Snap shot by Max Reinhart.
0:32 of 3rd period - Deflect By Ryan Strome.
0:32 of 3rd period - Stopped by Sergei Bobrovsky without a rebound.
0:33 of 3rd period - Marc-André Cliche wins face-off versus Max Reinhart in Atomiques zone.
1:07 of 3rd period - Snap shot by Pasi Salonen.
1:07 of 3rd period - Goal by Pasi Salonen - Remparts : 2 - Atomiques : 3.
1:08 of 3rd period - Cédric Lalonde-McNicoll wins face-off versus Ryan Shannon in neutral zone.
1:24 of 3rd period - Icing by Marc-André Cliche.
1:25 of 3rd period - Marc-André Cliche wins face-off versus Max Reinhart in Atomiques zone.
1:50 of 3rd period - John Draeger is hit by Pasi Salonen and loses puck.
1:55 of 3rd period - Snap shot by Guillaume Desbiens.
1:55 of 3rd period - Stopped by Sergei Bobrovsky without a rebound.
1:56 of 3rd period - Cédric Lalonde-McNicoll wins face-off versus Brett Sutter in Atomiques zone.
2:09 of 3rd period - Snap shot by Brett Sutter.
2:09 of 3rd period - Shot Misses the Net.
2:11 of 3rd period - Snap shot by Kenndal McArdle.
2:11 of 3rd period - Goal by Kenndal McArdle - Remparts : 2 - Atomiques : 4.
2:12 of 3rd period - Marc-André Cliche wins face-off versus Cédric Lalonde-McNicoll in neutral zone.
3:05 of 3rd period - Wrist shot by Johannes Salmonsson.
3:05 of 3rd period - Stopped by Sergei Bobrovsky without a rebound.
3:06 of 3rd period - Brandon Mashinter wins face-off versus Marc-André Cliche in Atomiques zone.
3:07 of 3rd period - Snap shot by Johannes Salmonsson.
3:07 of 3rd period - Goal by Johannes Salmonsson - Remparts : 3 - Atomiques : 4.
3:08 of 3rd period - Marc-André Cliche wins face-off versus Cédric Lalonde-McNicoll in neutral zone.
3:13 of 3rd period - Wrist shot by Ryan Shannon.
3:13 of 3rd period - Deflect By Dwight King.
3:13 of 3rd period - Shot Misses the Net.
3:13 of 3rd period - Puck is out of play.
3:14 of 3rd period - Marc-André Cliche wins face-off versus Cédric Lalonde-McNicoll in Remparts zone.
3:15 of 3rd period - Wrist shot by Ryan Shannon.
3:15 of 3rd period - Stopped by Tyler Plante with a rebound.
3:17 of 3rd period - Slapshot by John Draeger.
3:17 of 3rd period - Stopped by Tyler Plante with a rebound.
3:19 of 3rd period - Snap shot by John Draeger.
3:19 of 3rd period - Shot Blocked by Guillaume Desbiens.
3:23 of 3rd period - Wrist shot by Ryan Shannon.
3:23 of 3rd period - Stopped by Tyler Plante with a rebound.
3:25 of 3rd period - Wrist shot by Dwight King.
3:25 of 3rd period - Stopped by Tyler Plante without a rebound.
3:26 of 3rd period - Cédric Lalonde-McNicoll wins face-off versus Marc-André Cliche in Remparts zone.
3:26 of 3rd period - Cédric Lalonde-McNicoll is hit by Dwight King.
3:43 of 3rd period - Icing by Guillaume Desbiens.
3:44 of 3rd period - Brett Sutter wins face-off versus Cédric Lalonde-McNicoll in Remparts zone.
3:53 of 3rd period - Snap shot by Brett Sutter.
3:53 of 3rd period - Shot Misses the Net.
4:13 of 3rd period - Snap shot by Pasi Salonen.
4:13 of 3rd period - Shot Misses the Net.
4:21 of 3rd period - Snap shot by Guillaume Desbiens.
4:21 of 3rd period - Deflect By Cédric Lalonde-McNicoll.
4:21 of 3rd period - Goal by Cédric Lalonde-McNicoll - Remparts : 4 - Atomiques : 4.
4:22 of 3rd period - Marc-André Cliche wins face-off versus Max Reinhart in neutral zone.
4:29 of 3rd period - Wrist shot by Ryan Shannon.
4:29 of 3rd period - Shot Blocked by Kris Russell.
4:31 of 3rd period - Snap shot by Dwight King.
4:31 of 3rd period - Stopped by Tyler Plante with a rebound.
4:33 of 3rd period - Slapshot by Davis Drewiske.
4:33 of 3rd period - Stopped by Tyler Plante with a rebound.
4:35 of 3rd period - Slapshot by Dwight King.
4:35 of 3rd period - Shot Misses the Net.
4:37 of 3rd period - Wrist shot by Dwight King.
4:37 of 3rd period - Shot Misses the Net.
4:47 of 3rd period - Davis Drewiske is hit by Johannes Salmonsson and loses puck.
5:17 of 3rd period - Snap shot by Andrew Kozek.
5:17 of 3rd period - Stopped by Tyler Plante with a rebound.
5:19 of 3rd period - Snap shot by Bobby Farnham.
5:19 of 3rd period - Shot Misses the Net.
5:21 of 3rd period - Wrist shot by Darren Kramer.
5:21 of 3rd period - Stopped by Tyler Plante with a rebound.
5:31 of 3rd period - Slapshot by Chris Mueller.
5:31 of 3rd period - Shot Blocked by Dwight King.
5:48 of 3rd period - Minor Penalty to Ryan Shannon for Hooking.
5:49 of 3rd period - Dwight King wins face-off versus Cédric Lalonde-McNicoll in Atomiques zone.
6:19 of 3rd period - Off-side.
6:20 of 3rd period - Dwight King wins face-off versus Cédric Lalonde-McNicoll in neutral zone.
7:48 of 3rd period - Penalty to Ryan Shannon is over, Ryan Shannon is back on ice.
8:03 of 3rd period - Wrist shot by Andrew Kozek.
8:03 of 3rd period - Shot Blocked by Johannes Salmonsson.
8:09 of 3rd period - Andrew Kozek is hit by Mike Weber and loses puck.
8:28 of 3rd period - Wrist shot by Chris Mueller.
8:28 of 3rd period - Stopped by Sergei Bobrovsky with a rebound.
8:30 of 3rd period - Slapshot by Griffin Reinhart.
8:30 of 3rd period - Stopped by Sergei Bobrovsky without a rebound.
8:31 of 3rd period - Brandon Mashinter wins face-off versus Marc-André Cliche in Atomiques zone.
8:32 of 3rd period - Snap shot by Johannes Salmonsson.
8:32 of 3rd period - Stopped by Sergei Bobrovsky without a rebound.
8:33 of 3rd period - Marc-André Cliche wins face-off versus Brandon Mashinter in Atomiques zone.
8:38 of 3rd period - Snap shot by Dwight King.
8:38 of 3rd period - Shot Misses the Net.
8:40 of 3rd period - Slapshot by John Draeger.
8:40 of 3rd period - Shot Misses the Net.
8:44 of 3rd period - Slapshot by Marc-André Cliche.
8:44 of 3rd period - Shot Blocked by Cody Ceci.
8:46 of 3rd period - Snap shot by Ryan Shannon.
8:46 of 3rd period - Shot Blocked by Cody Ceci.
8:48 of 3rd period - Slapshot by Davis Drewiske.
8:48 of 3rd period - Shot Misses the Net.
9:00 of 3rd period - Wrist shot by Corey Tropp.
9:00 of 3rd period - Stopped by Tyler Plante without a rebound.
9:01 of 3rd period - Brett Sutter wins face-off versus Cédric Lalonde-McNicoll in Remparts zone.
9:06 of 3rd period - Wrist shot by Kenndal McArdle.
9:06 of 3rd period - Deflect By Corey Tropp.
9:06 of 3rd period - Stopped by Tyler Plante with a rebound.
9:08 of 3rd period - Backhand shot by Brett Sutter.
9:08 of 3rd period - Shot Misses the Net.
9:10 of 3rd period - Slapshot by Jonas Junland.
9:10 of 3rd period - Stopped by Tyler Plante with a rebound.
9:14 of 3rd period - Slapshot by Brett Sutter.
9:14 of 3rd period - Stopped by Tyler Plante without a rebound.
9:15 of 3rd period - Cédric Lalonde-McNicoll wins face-off versus Marc-André Cliche in Remparts zone.
9:15 of 3rd period - Cédric Lalonde-McNicoll is hit by Marc-André Cliche.
9:34 of 3rd period - Minor Penalty to Marc-André Cliche for Holding.
9:35 of 3rd period - Dwight King wins face-off versus Cédric Lalonde-McNicoll in Atomiques zone.
9:45 of 3rd period - Snap shot by Mike Weber.
9:45 of 3rd period - Stopped by Sergei Bobrovsky with a rebound.
9:47 of 3rd period - Slapshot by Kris Russell.
9:47 of 3rd period - Deflect By Guillaume Desbiens.
9:47 of 3rd period - Stopped by Sergei Bobrovsky without a rebound.
9:48 of 3rd period - Dwight King wins face-off versus Cédric Lalonde-McNicoll in Atomiques zone.
10:16 of 3rd period - Off-side.
10:17 of 3rd period - Kenndal McArdle wins face-off versus Max Reinhart in neutral zone.
11:34 of 3rd period - Penalty to Marc-André Cliche is over, Marc-André Cliche is back on ice.
11:38 of 3rd period - Snap shot by Andrew Kozek.
11:38 of 3rd period - Stopped by Tyler Plante with a rebound.
12:16 of 3rd period - Kyle Wharton is hit by William Colbert and loses puck.
12:47 of 3rd period - Wrist shot by Chris Mueller.
12:47 of 3rd period - Stopped by Sergei Bobrovsky with a rebound.
12:49 of 3rd period - Slapshot by Chris Mueller.
12:49 of 3rd period - Stopped by Sergei Bobrovsky without a rebound.
12:50 of 3rd period - Chris Mueller wins face-off versus Marc-André Cliche in Atomiques zone.
12:53 of 3rd period - Slapshot by Patrick Maroon.
12:53 of 3rd period - Shot Blocked by Jonas Junland.
13:15 of 3rd period - William Colbert is hit by Brett Sutter and loses puck.
13:33 of 3rd period - Wrist shot by Daniel Paille.
13:33 of 3rd period - Stopped by Sergei Bobrovsky without a rebound.
13:34 of 3rd period - Max Reinhart wins face-off versus Darren Kramer in Atomiques zone.
14:29 of 3rd period - Wrist shot by Ryan Shannon.
14:29 of 3rd period - Stopped by Tyler Plante with a rebound.
14:31 of 3rd period - Minor Penalty to Cody Ceci for Tripping.
14:32 of 3rd period - Max Reinhart wins face-off versus Marc-André Cliche in Remparts zone.
14:57 of 3rd period - Davis Drewiske is hit by Johannes Salmonsson and loses puck.
16:31 of 3rd period - Penalty to Cody Ceci is over, Cody Ceci is back on ice.
16:46 of 3rd period - Slapshot by Kris Russell.
16:46 of 3rd period - Stopped by Sergei Bobrovsky without a rebound.
16:47 of 3rd period - Cédric Lalonde-McNicoll wins face-off versus Darren Kramer in Atomiques zone.
16:54 of 3rd period - Snap shot by Guillaume Desbiens.
16:54 of 3rd period - Stopped by Sergei Bobrovsky without a rebound.
16:55 of 3rd period - Darren Kramer wins face-off versus Cédric Lalonde-McNicoll in Atomiques zone.
17:13 of 3rd period - Minor Penalty to Eric Mestery for Interference.
17:14 of 3rd period - Dwight King wins face-off versus Cédric Lalonde-McNicoll in Atomiques zone.
17:22 of 3rd period - Slapshot by Kris Russell.
17:22 of 3rd period - Stopped by Sergei Bobrovsky with a rebound.
17:24 of 3rd period - Snap shot by Cédric Lalonde-McNicoll.
17:24 of 3rd period - Shot Misses the Net.
17:28 of 3rd period - Slapshot by Pasi Salonen.
17:28 of 3rd period - Stopped by Sergei Bobrovsky without a rebound.
17:29 of 3rd period - Cédric Lalonde-McNicoll wins face-off versus Dwight King in Atomiques zone.
19:13 of 3rd period - Penalty to Eric Mestery is over, Eric Mestery is back on ice.
Goals for this period are 3 for Remparts vs 1 for Atomiques.
Shots for this period are 18 for Remparts vs 17 for Atomiques.
Overtime #1
0:01 of 1st overtime period - Cédric Lalonde-McNicoll wins face-off versus Dwight King in neutral zone.
0:13 of 1st overtime period - Icing by Davis Drewiske.
0:14 of 1st overtime period - Cédric Lalonde-McNicoll wins face-off versus Dwight King in Atomiques zone.
0:17 of 1st overtime period - Snap shot by Cédric Lalonde-McNicoll.
0:17 of 1st overtime period - Shot Blocked by John Draeger.
0:35 of 1st overtime period - Snap shot by Davis Drewiske.
0:35 of 1st overtime period - Shot Misses the Net.
0:39 of 1st overtime period - Wrist shot by Ryan Shannon.
0:39 of 1st overtime period - Goal by Ryan Shannon - Remparts : 4 - Atomiques : 5.
Goals for this period are 0 for Remparts vs 1 for Atomiques.
Shots for this period are 0 for Remparts vs 1 for Atomiques.
Back to the Top